 Dungeon Sprint DCSS version 0.31-a0-496-g6f97920a28 (webtiles) character file.

Game seed: 16402184191055150392

0 rocky1 the Digger (level 1, -1/10 HPs)
             Began as a Gargoyle Earth Elementalist on Aug 9, 2023.
             Killed from afar by Sigmund (7 damage)
             ... with a magic dart
             ... in the Dungeon (Sprint VI: "Thunderdome").
             The game lasted 00:00:34 (39 turns).

rocky1 the Digger (Gargoyle Earth Elementalist)       Turns: 39, Time: 00:00:35

Health: -1/10      AC:  4    Str: 11    XL:     1   Next: 20%
Magic:  1/3        EV: 12    Int: 15    God:
Gold:   200        SH:  0    Dex: 10    Spells: 3/4 levels left

rFire   . . .        (no weapon)
rCold   . . .        (no shield)
rNeg    + . .        a - +0 robe
rPois   ∞            (no helmet)
rElec   +            (no cloak)
rCorr   .            (no gloves)
SInv    .            (no boots)
Will    .....        (no amulet)
Stlth   ++           (no ring)
HPRegen 0.21/turn    (no ring)
MPRegen 0.08/turn

%: no teleportation
@: no status effects
A: sickness immunity, AC +2, negative energy resistance 1, electricity
resistance, torment resistance 1, petrification resistance
a: no special abilities


You were in the Dungeon.
You visited 1 branch You collected 200 gold pieces.

Inventory:

Armour
 a - a +0 robe (worn)
Wands
 i - a wand of light (5)
 j - a wand of iceblast (3)
Scrolls
 g - 4 scrolls of blinking
 k - 3 scrolls of fog
Potions
 b - 3 potions of magic
 d - 3 potions of heal wounds
 e - 4 potions of haste
 f - a potion of berserk rage
 h - a potion of resistance


   Skills:
 + Level 1.6 Dodging
 + Level 2.2 Stealth
 + Level 2.1 Spellcasting
 + Level 0.7 Transmutations
 + Level 4.2 Earth Magic


You had 3 spell levels left.
You knew the following spells:

 Your Spells              Type           Power      Damage    Failure   Level
a - Sandblast             Erth           28%        2d8       3%          1

Your spell library contained the following spells:

 Spells                   Type           Power      Damage    Failure   Level
 Passwall                 Tmut/Erth      7%         N/A       12%         2
 Stone Arrow              Conj/Erth      14%        3d7       28%         3
 Petrify                  Tmut/Erth      9%         N/A       61%         4


Dungeon Overview and Level Annotations

Branches:
Dungeon (1/1)

Altars:
Cheibriados
Dithmenos
Fedhas
Kikubaaqudgha
Makhleb
Okawaru
Qazlal
Ru
Sif Muna
Trog
Uskayaw
Vehumet
Wu Jian
Xom
Yredelemnul
Zin
The Shining One
Lugonu

Shops:
D *[=?**[(!!!!

Annotations:
D Sigmund


Innate Abilities, Weirdness & Mutations

You are immune to sickness and miasma.
Your stone body is resilient. (AC +2)
You are immune to poison.
You resist negative energy. (rN+)
You are resistant to electric shocks. (rElec)
You are resistant to unholy torment.
You are immune to petrification.


Message History

Sigmund the Dreaded comes into view.
He is wielding a +0 scythe.
Found a hide-covered altar of Uskayaw.
The kobold shouts!
Sigmund shouts!
Sigmund points at you and mumbles some strange words.
The puff of flame hits you!
Ouch! That really hurt!
* * * LOW HITPOINT WARNING * * *
You feel much better. Sigmund looks at you with fury.
Sigmund points at you and mumbles some strange words.
You are confused.
Unknown command.
You feel better.
Aiming: Iceblast
Press: ? - help, Shift-Dir - straight line The mass of ice explodes!
The iceblast engulfs Sigmund!
Sigmund is heavily wounded.
Unknown command.
Aiming: Iceblast
Press: ? - help, Shift-Dir - straight line The mass of ice explodes!
The iceblast engulfs Sigmund!
Sigmund is almost dead.
A giant cockroach comes into view.
Unknown command.
Aiming: Sandblast (safe; 3% risk of failure)
Press: ? - help, Q - select action, (/) - cycle Shift-Dir - straight line, f - Sigmund
Aim: Sigmund, wielding a +0 scythe and wearing a +0 robe (almost dead, 80% to hit)
The blast of sand misses Sigmund.
Sigmund casts a spell at you. The puff of flame hits you.
The kobold completely misses you.
Aiming: Sandblast (safe; 3% risk of failure)
Press: ? - help, Q - select action, (/) - cycle Shift-Dir - straight line, f/p - Sigmund
Aim: Sigmund, wielding a +0 scythe and wearing a +0 robe (almost dead, 80% to hit)
The blast of sand misses Sigmund.
The kobold barely misses you.
Sigmund giggles. "Time to reap what you sow."
Sigmund points at you and mumbles some strange words.
The magic dart hits you!
Ouch! That really hurt!
You die...

......._# #........_#
#_......._#
###.........###
#⌠......B..@.⌠#
######.8.........8.######
#∩___......# #.K....___∩##
∩........8.# #.8@.......∩#
...........###............
........###...###.........
........# #.<.# #.........
........###...###.........
...........###............
∩........8.# #.8....†...∩#
#∩___......###......__.∩##
######.8.........8.######


You could see Sigmund, a giant cockroach and a kobold.

Vanquished Creatures
  A hobgoblin (D)
1 creature vanquished.

Notes
Turn   | Place    | Note
-------+----------+-------------------------------------------
     0 | D        | rocky1 the Gargoyle Earth Elementalist began the quest for
                  | the Orb.
     0 | D        | Reached XP level 1. HP: 10/10 MP: 3/3
     3 | D        | Found a glowing silver altar of Zin.
     3 | D        | Found an iron altar of Okawaru.
     4 | D        | Found an ancient bone altar of Kikubaaqudgha.
     5 | D        | Found a sacrificial altar of Ru.
     5 | D        | Found a burning altar of Makhleb.
     5 | D        | Round 1.
     6 | D        | Found Onalyph's Timeless Talismans.
     6 | D        | Found a glowing golden altar of the Shining One.
     6 | D        | Found a shimmering altar of Xom.
     6 | D        | Found Cib Peum's Identification Station.
     7 | D        | Found Tups's Jewellery.
     7 | D        | Found Jedghy's Advanced Armour.
    10 | D        | Found a stormy altar of Qazlal.
    13 | D        | Found a radiant altar of Vehumet.
    13 | D        | Found a snail-covered altar of Cheibriados.
    13 | D        | Found a shimmering blue altar of Sif Muna.
    13 | D        | Found Haisub's Premium Goods.
    13 | D        | Found Sywerghero's Weapon Rack.
    14 | D        | Found Beffiw's Miscellaneous Merchandise.
    14 | D        | Found Bolon's Basic Armour.
    17 | D        | Found an ornate altar of the Wu Jian Council.
    20 | D        | Found Ynacwo's Do-It-Yourself Clinic.
    23 | D        | Reached skill level 4 in Earth Magic
    23 | D        | Found Aclecsabb's Bottled Wisdom.
    23 | D        | Found Vaunwymimp's Distillery.
    24 | D        | Found a corrupted altar of Lugonu.
    24 | D        | Found a basalt altar of Yredelemnul.
    24 | D        | Found a bloodstained altar of Trog.
    24 | D        | Found Ucromn's Distillery.
    29 | D        | Found a blossoming altar of Fedhas.
    30 | D        | Found a shadowy altar of Dithmenos.
    33 | D        | Found a hide-covered altar of Uskayaw.
    33 | D        | Noticed Sigmund
    39 | D        | Killed from afar by Sigmund

Illustrated notes

Levels and vault maps discovered:
D:        arena_sprint

Skill      XL: |  1 |
---------------+----+-----
Earth Magic    | 4 |  4.2
Dodging        | |  1.6
Stealth        | |  2.2
Spellcasting   | |  2.1
Transmutations | |  0.7

Action                     || total
---------------------------++-------
   Cast: Sandblast         ||     3
  Evoke: Wand              ||     2
    Use: Potion            ||     2
  Dodge: Dodged            ||     2

Table legend: (Time is in decaauts)
 A = Elapsed time spent in this place.
 B = Non-inter-level travel time spent in this place.
 C = Inter-level travel time spent in this place.
 D = Time resting spent in this place.
 E = Time spent auto-exploring this place.
 F = Levels seen in this place.
 G = Mean time per level.
                   A        B        C        D        E       F      G
               +--------+--------+--------+--------+--------+-----+--------+
         Total |     40 |     40 |      0 |      0 |      0 |   1 |   40.0 |
       Dungeon |     40 |     40 |      0 |      0 |      0 |   1 |   40.0 |
               +--------+--------+--------+--------+--------+-----+--------+

Top non-repeatable levels by time:
       D: 40 daAuts
